[Event "Titled Tuesday Blitz May 18 2021"]
[White "Murzin, Volodar"]
[Black "Praggnanandhaa R"]
[WhiteFideId "44155573"]
[BlackFideId "25059530"]
[WhiteElo "2541"]
[BlackElo "2555"]
[Result "0-1"]
[Round "07"]
[TimeControl "180+1"]
[Date "2021.05.18"]
[WhiteClock "0:00:03"]
[BlackClock "0:01:54"]

1. e4 e5 2. Nf3 Nc6 3. Bb5 a6 4. Ba4 Bc5 5. O-O d6 6. c3 Bd7 7. d4 Ba7 8. Be3 Nge7 9. Nbd2 Ng6 10. Re1 O-O 11. Nf1 exd4 12. cxd4 b5 13. Bc2 Bg4 14. Ng3 Nh4 15. Rc1 Bxf3 16. gxf3 Nxd4 17. Kh1 Ndxf3 18. Re2 Qf6 19. e5 dxe5 20. Be4 Rad8 21. Qc2 Bxe3 22. fxe3 Ng5 23. Rf2 Qh6 24. Bc6 Rd6 25. e4 Nh3 26. Re2 Nf4 27. Rf2 Nd3 0-1


[Site "https://www.chess.com"]

[Event "Titled Tuesday Blitz May 18 2021"]
[White "Nakamura, Hikaru"]
[Black "Zhigalko, Sergei"]
[WhiteFideId "2016192"]
[BlackFideId "13502956"]
[WhiteElo "2900"]
[BlackElo "2662"]
[Result "1-0"]
[Round "07"]
[TimeControl "180+1"]
[Date "2021.05.18"]
[WhiteClock "0:01:48"]
[BlackClock "0:00:16"]

1. Nf3 d5 2. e3 c6 3. c4 Nf6 4. d4 e6 5. Bd3 Nbd7 6. Nbd2 Be7 7. O-O O-O 8. Qe2 b6 9. e4 Bb7 10. cxd5 cxd5 11. e5 Ne8 12. Re1 a5 13. Nf1 Nc7 14. Qe3 Ba6 15. Bb1 Re8 16. Ng3 Nf8 17. Qf4 Rc8 18. Qg4 Ng6 19. h4 Nxh4 20. Bxh7+ Kxh7 21. Ng5+ Bxg5 22. Bxg5 f6 23. Qxh4+ Kg8 24. exf6 Qd7 25. fxg7 Qxg7 26. Nh5 Qg6 27. Re3 Be2 1-0


[Site "https://www.chess.com"]

[Event "Titled Tuesday Blitz May 18 2021"]
[White "Naroditsky, Daniel"]
[Black "Salem, A.R. Saleh"]
[WhiteFideId "2026961"]
[BlackFideId "9301348"]
[WhiteElo "2608"]
[BlackElo "2659"]
[Result "1/2-1/2"]
[Round "07"]
[TimeControl "180+1"]
[Date "2021.05.18"]
[WhiteClock "0:00:09"]
[BlackClock "0:00:08"]

1. c4 e6 2. Nf3 d5 3. g3 Nf6 4. Bg2 d4 5. O-O c5 6. b4 cxb4 7. a3 Nc6 8. d3 a5 9. axb4 Bxb4 10. Na3 O-O 11. Nb5 e5 12. Ba3 Bg4 13. Nd2 Qe7 14. h3 Bf5 15. Nf3 h6 16. Qb3 Rfd8 17. Rfd1 g5 18. Ne1 e4 19. Nc2 e3 20. fxe3 Qe5 21. Rf1 Bxh3 22. Bxh3 Qxg3+ 23. Bg2 Ng4 24. Rf3 Qh2+ 25. Kf1 dxe3 26. c5 Nce5 27. Rh3 Qf4+ 28. Bf3 Nxf3 29. exf3 e2+ 30. Kg2 Ne3+ 31. Nxe3 Qxe3 32. Bxb4 axb4 33. Re1 Rxd3 34. Qxb4 Rd1 35. Rhh1 Rad8 36. Nd6 Rxe1 37. Rxe1 b6 38. Qc4 Rd7 39. Rxe2 Qf4 40. Re8+ Kg7 41. Qxf4 gxf4 42. Nf5+ Kf6 43. c6 Rd2+ 44. Kf1 Rc2 45. Nd4 Rc4 46. Ke2 b5 47. Kd3 h5 48. Rh8 Rc5 49. Rh6+ Kg7 50. Rd6 h4 51. Ke2 h3 52. Kf2 Rc1 53. Nf5+ Kg8 54. Rh6 Rc2+ 55. Kg1 Rc5 56. Ne7+ Kf8 57. Nc8 b4 58. Rxh3 b3 59. Nd6 b2 60. Rh8+ Kg7 61. Rb8 Rxc6 62. Nf5+ Kf6 63. Rxb2 Kxf5 64. Kf2 Rc5 65. Re2 f6 66. Rd2 Re5 67. Rc2 Rd5 68. Rb2 Ke5 69. Re2+ Kf5 70. Rc2 Re5 71. Rd2 Rc5 72. Rb2 Ra5 73. Rc2 Re5 74. Rd2 Kg5 75. Rd8 Re7 76. Rg8+ Kf5 77. Rd8 Re6 78. Rd5+ Re5 79. Rd2 1/2-1/2


[Site "https://www.chess.com"]

[Event "Titled Tuesday Blitz May 18 2021"]
[White "Nguyen, Van Huy"]
[Black "Sasikiran, Krishnan"]
[WhiteFideId "12401064"]
[BlackFideId "5004985"]
[WhiteElo "2443"]
[BlackElo "2552"]
[Result "0-1"]
[Round "07"]
[TimeControl "180+1"]
[Date "2021.05.18"]
[WhiteClock "0:00:10"]
[BlackClock "0:00:18"]

1. d4 d5 2. Nf3 Nf6 3. c4 c6 4. Nc3 e6 5. Bg5 h6 6. Bxf6 Qxf6 7. Qc2 dxc4 8. e3 b5 9. a4 Bb7 10. axb5 cxb5 11. Nxb5 Bb4+ 12. Nc3 O-O 13. Be2 Nd7 14. O-O a5 15. Nd2 Rfc8 16. Bf3 Bxf3 17. Nxf3 Rab8 18. Rfd1 Rc7 19. e4 Qg6 20. d5 Bxc3 21. Qxc3 Qxe4 22. dxe6 Qxe6 23. Rxa5 Qf6 24. Rad5 Rxb2 25. Qe3 Qb6 26. Nd4 Rb1 27. Qe8+ Nf8 28. Nf5 Rxd1+ 29. Rxd1 Rd7 30. Re1 Qb4 31. Kf1 c3 32. Ne7+ Rxe7 33. Qxe7 Qb8 34. Qe5 Qb2 35. g3 Ne6 36. Qe3 c2 37. Qc1 Qb5+ 38. Kg1 Nd4 39. Qe3 Qc4 40. Kg2 Nb3 41. h3 c1=Q 42. Rxc1 Nxc1 43. Qe8+ Kh7 44. Qe3 Nd3 45. Kh2 Nc5 0-1


[Site "https://www.chess.com"]

[Event "Titled Tuesday Blitz May 18 2021"]
[White "Oparin, Grigoriy"]
[Black "Araujo Sanchez, Josue"]
[WhiteFideId "24125890"]
[BlackFideId "6416896"]
[WhiteElo "2628"]
[BlackElo "2140"]
[Result "1-0"]
[Round "07"]
[TimeControl "180+1"]
[Date "2021.05.18"]
[WhiteClock "0:01:50"]
[BlackClock "0:01:48"]

1. b3 d5 2. Bb2 c6 3. e3 Bf5 4. Nf3 e6 5. d3 Nd7 6. Nbd2 Ngf6 7. Qe2 h6 8. h3 Bh7 9. g4 Bd6 10. Rg1 Qe7 11. a3 e5 12. h4 e4 13. dxe4 Nxe4 14. Bxg7 Rg8 15. Bb2 Ne5 16. Nxe4 Bxe4 17. Nxe5 Bxe5 18. c3 Qxh4 19. O-O-O Qh2 20. Bg2 Bxg2 21. f4 Rxg4 22. Qxg4 Be4 23. Rd2 1-0


[Site "https://www.chess.com"]

[Event "Titled Tuesday Blitz May 18 2021"]
[White "Sarana, Alexey"]
[Black "Sjugirov, Sanan"]
[WhiteFideId "24133795"]
[BlackFideId "4189302"]
[WhiteElo "2629"]
[BlackElo "2472"]
[Result "1-0"]
[Round "07"]
[TimeControl "180+1"]
[Date "2021.05.18"]
[WhiteClock "0:00:04"]
[BlackClock "0:00:03"]

1. e4 e5 2. Nf3 Nc6 3. Bb5 a6 4. Ba4 d6 5. O-O Bd7 6. c3 g6 7. d4 Bg7 8. Be3 Nf6 9. Nbd2 O-O 10. h3 Re8 11. dxe5 Nxe5 12. Nxe5 Rxe5 13. Bxd7 Qxd7 14. Qb3 Qb5 15. Qc2 Rae8 16. f3 d5 17. Bd4 R5e7 18. e5 Nh5 19. f4 Ng3 20. Rf3 Ne2+ 21. Kh1 c5 22. Bf2 f6 23. c4 Qc6 24. cxd5 Qxd5 25. Ne4 Nd4 26. Bxd4 cxd4 27. Nxf6+ Bxf6 28. exf6 Rf7 29. Rd1 Rxf6 30. Qf2 Re4 31. b3 Rf7 32. Qg3 Kg7 33. Kh2 Qf5 34. Rdf1 h5 35. Qh4 Re2 36. Rg3 d3 37. Rg5 Qe4 38. Qxh5 Rxf4 39. Rxg6+ Qxg6 40. Qxg6+ Kxg6 41. Rxf4 Rxa2 42. Rd4 d2 43. Kg3 Rb2 44. Kf4 Kf6 45. h4 a5 46. g4 b5 47. g5+ Ke7 48. Kf5 a4 49. bxa4 bxa4 50. g6 a3 51. g7 Kf7 52. Rd7+ Kg8 53. h5 a2 54. h6 a1=Q 55. Rd8+ Kf7 56. g8=Q+ Ke7 57. Qe8# 1-0


[Site "https://www.chess.com"]

[Event "Titled Tuesday Blitz May 18 2021"]
[White "Sonis, Francesco"]
[Black "Erigaisi Arjun"]
[WhiteFideId "895733"]
[BlackFideId "35009192"]
[WhiteElo "2373"]
[BlackElo "2609"]
[Result "0-1"]
[Round "07"]
[TimeControl "180+1"]
[Date "2021.05.18"]
[WhiteClock "0:00:15"]
[BlackClock "0:01:02"]

1. d4 e6 2. c4 d5 3. Nc3 c6 4. Nf3 Nf6 5. Bg5 h6 6. Bh4 dxc4 7. e4 g5 8. Bg3 b5 9. Qc2 Bb7 10. Rd1 Nbd7 11. h4 g4 12. Ne5 Nh5 13. Nxd7 Nxg3 14. fxg3 Qxd7 15. Be2 h5 16. e5 O-O-O 17. O-O c5 18. a4 a6 19. axb5 axb5 20. Kh1 cxd4 21. Nxb5 Qxb5 22. Bxc4 Qc6 23. Rxf7 d3 24. Qd2 Bh6 25. Qf2 Qxc4 26. Ra1 d2 27. Kh2 d1=Q 28. Qa7 Qc6 29. Rxb7 Qxb7 30. Qc5+ Kb8 31. Rxd1 Rxd1 32. b4 Rc8 33. Qf2 Rcc1 0-1


[Site "https://www.chess.com"]

[Event "Titled Tuesday Blitz May 18 2021"]
[White "Tari, Aryan"]
[Black "Shahaliyev, Ismayil"]
[WhiteFideId "1510045"]
[BlackFideId "13406388"]
[WhiteElo "2656"]
[BlackElo "2105"]
[Result "1-0"]
[Round "07"]
[TimeControl "180+1"]
[Date "2021.05.18"]
[WhiteClock "0:00:13"]
[BlackClock "0:00:07"]

1. d4 Nf6 2. Nf3 e6 3. Bf4 d5 4. e3 Bd6 5. Nbd2 Bxf4 6. exf4 Nbd7 7. Bd3 c5 8. c3 O-O 9. O-O a5 10. a4 b6 11. Ne5 Ba6 12. Bxa6 Rxa6 13. Qe2 Ra8 14. h4 Ne8 15. h5 Nd6 16. h6 g6 17. dxc5 bxc5 18. Nb3 c4 19. Nxd7 Qxd7 20. Nd4 Ne4 21. Rfe1 Ra6 22. Qe3 Qc8 23. Re2 f6 24. Qh3 Kf7 25. Rae1 Nc5 26. f5 e5 27. Qf3 Ne4 28. Rxe4 dxe4 29. Qxe4 Rd8 30. Ne6 Rxe6 31. fxe6+ Qxe6 32. f4 Qd5 33. fxe5 Qxe4 34. Rxe4 fxe5 35. Rxc4 g5 36. Rc5 Kf6 37. Rxa5 Kf5 38. Ra7 Rd6 39. Rxh7 Kf4 40. Rf7+ Kg3 41. h7 Rh6 42. Rf3+ Kg4 43. Rh3 1-0


[Site "https://www.chess.com"]

[Event "Titled Tuesday Blitz May 18 2021"]
[White "Triapishko, Alexandr"]
[Black "Dvirnyy, Danyyil"]
[WhiteFideId "14122286"]
[BlackFideId "817570"]
[WhiteElo "2490"]
[BlackElo "2531"]
[Result "1-0"]
[Round "07"]
[TimeControl "180+1"]
[Date "2021.05.18"]
[WhiteClock "0:00:08"]
[BlackClock "0:00:03"]

1. d4 Nf6 2. c4 e6 3. Nf3 d5 4. Nc3 a6 5. cxd5 exd5 6. Bf4 Bd6 7. Bg3 O-O 8. e3 Be6 9. Rc1 Qe7 10. Bd3 Nbd7 11. Bh4 h6 12. O-O c6 13. Na4 Bg4 14. Be2 Bf5 15. Qb3 Rab8 16. a3 Qe6 17. Nc5 Qe8 18. Nxb7 Qe6 19. Bxa6 Ra8 20. Nxd6 Qxd6 21. Be2 Ne4 22. Bg3 Nxg3 23. hxg3 Rfb8 24. Qc3 Rb6 25. b4 Bg4 26. Rfe1 Nf6 27. Nd2 Bxe2 28. Rxe2 Rba6 29. Nb1 Ne4 30. Qd3 h5 31. Rec2 g5 32. Nc3 Rxa3 33. Nxe4 dxe4 34. Qxe4 Ra1 35. Qxc6 Qxb4 36. Qc8+ Kg7 37. Qc5 Qb3 38. Qxg5+ Kf8 39. Qh6+ Ke7 40. Rc7+ 1-0


[Site "https://www.chess.com"]

[Event "Titled Tuesday Blitz May 18 2021"]
[White "Valdes Romero, Leonardo"]
[Black "Eljanov, Pavel"]
[WhiteFideId "6500331"]
[BlackFideId "14102951"]
[WhiteElo "2497"]
[BlackElo "2602"]
[Result "0-1"]
[Round "07"]
[TimeControl "180+1"]
[Date "2021.05.18"]
[WhiteClock "0:00:18"]
[BlackClock "0:00:22"]

1. Nf3 d5 2. g3 Bg4 3. Bg2 c6 4. O-O e6 5. d3 Bd6 6. Nbd2 Ne7 7. h3 Bh5 8. Qe1 O-O 9. e4 Nd7 10. Kh1 a5 11. a3 a4 12. Ng1 Kh8 13. f4 f6 14. g4 Bf7 15. Ne2 Qc7 16. Nf3 b5 17. Be3 c5 18. g5 Rac8 19. gxf6 gxf6 20. e5 fxe5 21. fxe5 Nxe5 22. Qh4 Nf5 23. Qf6+ Kg8 24. Bh6 Nxh6 25. Qxh6 Nxf3 26. Bxf3 Bg6 27. Bg4 Rce8 28. h4 Qg7 29. Qe3 Qe5 30. Rxf8+ Kxf8 31. Rf1+ Ke7 32. Qxe5 Bxe5 33. h5 Bf7 34. c3 Rg8 35. Bf3 Rg5 36. d4 cxd4 37. cxd4 Bd6 0-1


[Site "https://www.chess.com"]

[Event "Titled Tuesday Blitz May 18 2021"]
[White "Van Foreest, Jorden"]
[Black "Bluebaum, Matthias"]
[WhiteFideId "1039784"]
[BlackFideId "24651516"]
[WhiteElo "2622"]
[BlackElo "2685"]
[Result "1/2-1/2"]
[Round "07"]
[TimeControl "180+1"]
[Date "2021.05.18"]
[WhiteClock "0:00:16"]
[BlackClock "0:00:21"]

1. e4 e6 2. d4 d5 3. Nc3 Nf6 4. Bg5 dxe4 5. Nxe4 Be7 6. Bxf6 gxf6 7. Bc4 f5 8. Ng3 c5 9. d5 b5 10. Bxb5+ Kf8 11. Bc4 Bb7 12. dxe6 Qxd1+ 13. Rxd1 Bxg2 14. f3 Nc6 15. exf7 Bxh1 16. Nxh1 Ne5 17. Be6 Rd8 18. Rxd8+ Bxd8 19. Ng3 Nxf7 20. Nxf5 Bc7 21. Ne2 Ng5 22. Bd5 Bxh2 23. Kf2 Bc7 24. f4 Nf7 25. Kf3 h5 26. Nh4 Rh6 27. Ng3 Nd6 28. c4 Bd8 29. Nhf5 Nxf5 30. Nxf5 Rg6 31. a3 Bc7 32. Ne3 h4 33. Ng4 Ke7 34. b4 Bd6 35. f5 Rg5 36. f6+ Kf8 37. bxc5 Bxc5 38. Kf4 Rh5 39. Ke4 h3 40. Ne5 Rxe5+ 41. Kxe5 Bxa3 42. Kd4 Bb2+ 43. Ke3 Bxf6 44. c5 h2 45. Kf2 Bd4+ 46. Kg2 Be5 47. c6 Ke7 48. Ba2 Kd6 49. Kh1 Kxc6 50. Bg8 Kc5 51. Ba2 Kd4 52. Bg8 Bc7 53. Ba2 a5 54. Bg8 Kc3 55. Ba2 Kb2 56. Bg8 a4 57. Bd5 Kc3 58. Bg8 Bd6 59. Ba2 a3 60. Bg8 Kc2 61. Bh7+ Kb2 62. Bg8 Kb1 63. Bh7+ Ka1 64. Bg8 a2 65. Bxa2 Kxa2 66. Kg2 Kb3 67. Kh1 Kc4 68. Kg2 Kd5 69. Kh1 Ke4 70. Kg2 Kf4 71. Kh1 Kg3 1/2-1/2


[Site "https://www.chess.com"]

[Event "Titled Tuesday Blitz May 18 2021"]
[White "dropstoneDP"]
[Black "Matsenko, Andrei"]
[BlackFideId "24146501"]
[WhiteElo "2897"]
[BlackElo "2228"]
[Result "1-0"]
[Round "07"]
[TimeControl "180+1"]
[Date "2021.05.18"]
[WhiteClock "0:00:05"]
[BlackClock "0:00:05"]

1. f4 e5 2. fxe5 d6 3. exd6 Bxd6 4. Nf3 Nf6 5. g3 h5 6. d4 h4 7. Rg1 hxg3 8. hxg3 Bg4 9. Qd3 Qe7 10. Nc3 Nc6 11. Qe3 Nb4 12. Kd1 Bf5 13. Ne1 O-O-O 14. Bg2 Ng4 15. Qf3 g6 16. Qxb7+ Kd7 17. Qb5+ c6 18. Qb7+ Bc7 19. Bf4 Ne3+ 20. Kc1 Rc8 21. Bf3 g5 22. Be5 f6 23. a3 fxe5 24. axb4 e4 25. b5 exf3 26. Nxf3 Ke8 27. Rxa7 Kf8 28. b6 Bd6 29. Ne5 Qxb7 30. Rxb7 Bxe5 31. dxe5 Nd5 32. Rf1 Ne3 33. Rg1 Rh2 34. Ra7 Rb8 35. b7 Ke7 36. g4 Be6 37. Ne4 Nd5 38. Nc5 Rhh8 39. Rf1 Nb6 40. Rf6 Bd5 41. e4 Bc4 42. Rxc6 Bb5 43. Rxb6 Bd7 44. Nxd7 Kxd7 45. b3 Kc7 46. Rd6 Rh1+ 47. Kb2 Re1 48. Rg6 Rxe4 49. Rxg5 Rxb7 1-0


[Site "https://www.chess.com"]

[Event "Titled Tuesday Blitz May 18 2021"]
[White "Abdrlauf, Elham"]
[Black "Naroditsky, Daniel"]
[WhiteFideId "1533533"]
[BlackFideId "2026961"]
[WhiteElo "2326"]
[BlackElo "2608"]
[Result "0-1"]
[Round "08"]
[TimeControl "180+1"]
[Date "2021.05.18"]
[WhiteClock "0:00:02"]
[BlackClock "0:00:41"]

1. e4 c5 2. Nf3 d6 3. d4 cxd4 4. Nxd4 Nf6 5. Nc3 a6 6. Be3 e5 7. Nf3 Be7 8. Bc4 O-O 9. O-O Nc6 10. a3 Be6 11. Qd3 Rc8 12. Bb3 Na5 13. Ba2 Nc4 14. Bc1 b5 15. Rd1 Qb6 16. Qe2 h6 17. Bb3 Qb7 18. Nh4 Rfd8 19. Nf5 Bxf5 20. exf5 d5 21. Bxc4 Rxc4 22. Qxe5 Bd6 23. Qe2 d4 24. Na2 Re8 25. Qd3 Ng4 26. h3 Bh2+ 27. Kf1 Ne5 28. Qe2 Qc8 29. Nb4 a5 30. Nd3 Rxc2 31. Qe4 Nc4 32. Qg4 Ne3+ 33. fxe3 dxe3 34. Re1 h5 35. Qxh5 Qc4 36. Rxe3 Rxe3 37. Bxe3 Qxd3+ 38. Ke1 Qxe3+ 39. Kd1 Qd2# 0-1


[Site "https://www.chess.com"]

[Event "Titled Tuesday Blitz May 18 2021"]
[White "Andreikin, Dmitry"]
[Black "dropstoneDP"]
[WhiteFideId "4158814"]
[WhiteElo "2782"]
[BlackElo "2901"]
[Result "0-1"]
[Round "08"]
[TimeControl "180+1"]
[Date "2021.05.18"]
[WhiteClock "0:00:01"]
[BlackClock "0:00:10"]

1. e4 e5 2. Nf3 Nc6 3. Bb5 f5 4. d3 fxe4 5. dxe4 Nf6 6. O-O Bc5 7. Bc4 d6 8. Nc3 Bg4 9. h3 Bh5 10. Qd3 Nb4 11. Qe2 Bxf3 12. Qxf3 Nxc2 13. Bg5 Nxa1 14. Nd5 O-O 15. Bxf6 gxf6 16. Nxc7+ Kh8 17. Ne6 Qd7 18. Rxa1 Bd4 19. Bd5 Rae8 20. Nxf8 Rxf8 21. Rc1 f5 22. g4 f4 23. g5 Rc8 24. Rxc8+ Qxc8 25. Qh5 f3 26. h4 Bxf2+ 27. Kh2 Bxh4 28. Qxf3 Bxg5 29. Qf7 Bf4+ 30. Kg2 Qg4+ 31. Kf2 Qg3+ 0-1


[Site "https://www.chess.com"]

[Event "Titled Tuesday Blitz May 18 2021"]
[White "Bluebaum, Matthias"]
[Black "Dubov, Daniil"]
[WhiteFideId "24651516"]
[BlackFideId "24126055"]
[WhiteElo "2685"]
[BlackElo "2722"]
[Result "0-1"]
[Round "08"]
[TimeControl "180+1"]
[Date "2021.05.18"]
[WhiteClock "0:00:03"]
[BlackClock "0:01:04"]

1. d4 Nf6 2. c4 d6 3. Nf3 Nc6 4. d5 Ne5 5. Nxe5 dxe5 6. Nc3 e6 7. e4 Bc5 8. Be2 O-O 9. O-O h6 10. Qd3 exd5 11. cxd5 c6 12. Be3 Bxe3 13. Qxe3 cxd5 14. exd5 Nxd5 15. Nxd5 Qxd5 16. Rfd1 Qa5 17. a3 Be6 18. b4 Qb6 19. Qxe5 Rad8 20. Bf3 Rfe8 21. Qc5 Qxc5 22. bxc5 Rxd1+ 23. Rxd1 Rc8 24. Rc1 b6 25. c6 Rc7 26. Rd1 Kf8 27. Rd8+ Ke7 28. Rg8 g6 29. g4 Rc8 30. Rxc8 Bxc8 31. Kg2 Kd6 32. Kg3 g5 33. Be4 Ba6 34. Kf3 Bb5 35. Ke3 Bxc6 36. Bxc6 0-1


[Site "https://www.chess.com"]

[Event "Titled Tuesday Blitz May 18 2021"]
[White "Chigaev, Maksim"]
[Black "Deac, Bogdan-Daniel"]
[WhiteFideId "4108116"]
[BlackFideId "1226380"]
[WhiteElo "2646"]
[BlackElo "2605"]
[Result "0-1"]
[Round "08"]
[TimeControl "180+1"]
[Date "2021.05.18"]
[WhiteClock "0:00:04"]
[BlackClock "0:00:05"]

1. e4 e5 2. Nf3 Nf6 3. Nc3 Nc6 4. h3 g6 5. d4 exd4 6. Nxd4 Bg7 7. Nxc6 bxc6 8. Bd3 O-O 9. O-O Re8 10. Bd2 d5 11. Re1 Rb8 12. Rb1 dxe4 13. Nxe4 Nxe4 14. Bxe4 Rxb2 15. Rxb2 Bxb2 16. Bxc6 Rxe1+ 17. Qxe1 Be6 18. a4 Qd6 19. Bc3 Qa3 20. Bxb2 Qxb2 21. Qd2 Qa1+ 22. Kh2 Qe5+ 23. g3 a5 24. c3 Kg7 25. f4 Qc5 26. Bb5 c6 27. Bf1 Bb3 28. g4 Bxa4 29. f5 Qe5+ 30. Kg1 c5 31. Bg2 Bb3 32. h4 h6 33. g5 hxg5 34. fxg6 gxh4 35. gxf7 Bxf7 36. Qf2 Qg3 37. Qxc5 h3 38. Qd4+ Kg8 39. Qd8+ Kh7 0-1


[Site "https://www.chess.com"]

[Event "Titled Tuesday Blitz May 18 2021"]
[White "Cruz Lledo, Pablo"]
[Black "Triapishko, Alexandr"]
[WhiteFideId "2297361"]
[BlackFideId "14122286"]
[WhiteElo "2383"]
[BlackElo "2490"]
[Result "0-1"]
[Round "08"]
[TimeControl "180+1"]
[Date "2021.05.18"]
[WhiteClock "0:00:01"]
[BlackClock "0:00:04"]

1. d4 Nf6 2. c4 e6 3. Nc3 Bb4 4. e3 O-O 5. Ne2 Re8 6. a3 Bf8 7. Ng3 d5 8. Bd3 dxc4 9. Bxc4 c5 10. O-O Nc6 11. dxc5 Bxc5 12. b4 Be7 13. Bb2 b6 14. Qe2 a6 15. Rfd1 Qc7 16. Rac1 Bb7 17. Nce4 Rad8 18. Nxf6+ Bxf6 19. Bxf6 gxf6 20. Nh5 Qe5 21. f4 Rxd1+ 22. Rxd1 Qc3 23. Qg4+ Kf8 24. Qg7+ Ke7 25. Nxf6 Qxe3+ 26. Kh1 Rd8 27. Ng8+ Ke8 28. Rf1 Qd4 29. Nf6+ Ke7 30. Ng8+ Ke8 31. Nf6+ Ke7 32. Ng8+ Kd6 0-1


[Site "https://www.chess.com"]

[Event "Titled Tuesday Blitz May 18 2021"]
[White "Ezat, Mohamed"]
[Black "Lazavik, Denis"]
[WhiteFideId "10600906"]
[BlackFideId "13515110"]
[WhiteElo "2417"]
[BlackElo "2436"]
[Result "0-1"]
[Round "08"]
[TimeControl "180+1"]
[Date "2021.05.18"]
[WhiteClock "0:01:36"]
[BlackClock "0:00:49"]

1. d4 Nf6 2. c4 e6 3. Nc3 Bb4 4. e3 O-O 5. a3 Bxc3+ 6. bxc3 c5 7. Bd3 b6 8. Ne2 Nc6 9. f3 Ba6 10. O-O Na5 11. e4 Bxc4 12. Bg5 h6 13. Bh4 g5 14. Bf2 d5 15. e5 Nh7 16. f4 f5 17. exf6 Qxf6 18. Be3 Bxd3 19. Qxd3 Qf5 20. Qb5 Nc4 21. Bc1 Qd3 22. Ra2 Rf6 23. Rf3 Qg6 24. Ng3 Raf8 25. Raf2 g4 26. f5 exf5 27. Rf4 Ng5 28. dxc5 Ne6 29. Rxc4 dxc4 30. Qxc4 Kh7 31. cxb6 axb6 32. Bf4 Nxf4 33. Rxf4 Qf7 34. Qd3 Kg7 0-1


[Site "https://www.chess.com"]

[Event "Titled Tuesday Blitz May 18 2021"]
[White "Goltsev, Dmitry"]
[Black "Rustemov, Alexander"]
[WhiteFideId "24176710"]
[BlackFideId "4119002"]
[WhiteElo "2366"]
[BlackElo "2677"]
[Result "1/2-1/2"]
[Round "08"]
[TimeControl "180+1"]
[Date "2021.05.18"]
[WhiteClock "0:01:21"]
[BlackClock "0:00:16"]

1. e4 e6 2. Nf3 d5 3. exd5 exd5 4. d4 Bf5 5. Bd3 Bxd3 6. Qxd3 Nc6 7. O-O Qd7 8. Re1+ Nge7 9. Nc3 O-O-O 10. Bf4 Qf5 11. Qxf5+ Nxf5 12. Nb5 Bd6 13. Bxd6 Nxd6 14. Nxd6+ Rxd6 15. c3 Kd7 16. Re3 Re8 17. Rae1 Rde6 18. Kf1 Rxe3 19. Rxe3 Rxe3 20. fxe3 f5 21. Ke2 h6 22. Ne1 Ke6 23. Nd3 b6 24. Kf3 g5 25. g4 Ne7 26. Ne5 c5 27. h3 Nc8 28. gxf5+ Kxf5 29. Nc6 h5 30. a4 g4+ 31. hxg4+ hxg4+ 32. Kg3 a6 33. b4 c4 34. a5 bxa5 35. bxa5 Ke4 36. Kxg4 Nd6 37. Nb4 Nb5 38. Nxa6 Nxc3 39. Nb4 Nb5 40. a6 c3 41. Kg5 Kxe3 42. Nxd5+ Kxd4 43. Nxc3 Kxc3 44. Kf5 Kb4 45. Ke5 Ka5 46. a7 Nxa7 1/2-1/2


[Site "https://www.chess.com"]

[Event "Titled Tuesday Blitz May 18 2021"]
[White "Gunina, Valentina"]
[Black "Alekseenko, Kirill"]
[WhiteFideId "4167570"]
[BlackFideId "4135539"]
[WhiteElo "2399"]
[BlackElo "2580"]
[Result "0-1"]
[Round "08"]
[TimeControl "180+1"]
[Date "2021.05.18"]
[WhiteClock "0:00:03"]
[BlackClock "0:00:09"]

1. d4 d5 2. c4 dxc4 3. e3 e5 4. Bxc4 Nc6 5. Nf3 e4 6. Nfd2 Qg5 7. g3 Nf6 8. Nc3 Qg6 9. Qb3 Bd6 10. Nd5 Nxd5 11. Bxd5 f5 12. O-O h5 13. Nc4 h4 14. Nxd6+ cxd6 15. Bd2 Qh5 16. Qd1 Qh6 17. Qe2 Be6 18. Bxe6 Qxe6 19. Qb5 d5 20. Rac1 O-O-O 21. Rc2 Rh6 22. Rfc1 Rdh8 23. Ba5 Qd7 24. Rc5 hxg3 25. fxg3 g5 26. Rxd5 Rxh2 27. g4 Rh1+ 28. Kg2 R8h2+ 29. Kg3 f4+ 30. exf4 Rh3+ 31. Kf2 Rf3+ 32. Ke2 Rh2+ 33. Kd1 Rf1+ 34. Qxf1 Qxg4+ 35. Ke1 Qg3+ 36. Kd1 Qg4+ 37. Ke1 b6 38. Rxc6+ Kb7 39. Rc3 Qh4+ 40. Kd1 Rh1 41. Qxh1 Qxh1+ 42. Kc2 e3 43. Rd7+ Ka6 44. Bb4 Qe4+ 45. Kb3 Qe6+ 46. d5 Qxd7 47. Rxe3 Qxd5+ 48. Ka3 gxf4 49. Rc3 f3 50. Rc7 f2 0-1


[Site "https://www.chess.com"]

[Event "Titled Tuesday Blitz May 18 2021"]
[White "Hansen, Eric"]
[Black "Kovalev, Vladislav"]
[WhiteFideId "2606771"]
[BlackFideId "13504398"]
[WhiteElo "2568"]
[BlackElo "2573"]
[Result "0-1"]
[Round "08"]
[TimeControl "180+1"]
[Date "2021.05.18"]
[WhiteClock "0:00:01"]
[BlackClock "0:00:52"]

1. e4 e5 2. Nf3 Nc6 3. Bb5 a6 4. Ba4 Nf6 5. O-O Be7 6. Re1 b5 7. Bb3 d6 8. c3 O-O 9. h3 Nb8 10. d4 Nbd7 11. Nbd2 c5 12. Nf1 Re8 13. Ng3 Bf8 14. a4 Bb7 15. d5 c4 16. Bc2 Nc5 17. Be3 Qc7 18. Nh2 Reb8 19. Ng4 Nxg4 20. hxg4 Bc8 21. axb5 axb5 22. Qe2 g6 23. g5 Ra7 24. f4 exf4 25. Bxf4 Rxa1 26. Rxa1 Bd7 27. Qf2 Re8 28. Be3 Bg7 29. Bd4 Be5 30. Bxe5 Rxe5 31. Qf6 Be8 32. Ra8 Nd7 33. Qf4 Qb7 34. Ra1 Nc5 35. Qf6 Qb6 36. Kh2 Nd7 37. Qf4 Qd8 38. Ra6 Nc5 39. Ra7 Qxg5 40. Qxg5 Rxg5 41. Ne2 Re5 42. Nd4 Nxe4 43. Bxe4 Rxe4 44. Ra6 Kf8 45. Rxd6 Re5 46. Nc6 Bxc6 47. dxc6 Rc5 48. Rd8+ Ke7 49. Rd7+ Ke6 50. Rb7 Rxc6 51. Rxb5 h5 52. Kg3 Rd6 53. Kf4 Rd2 54. Rb6+ Ke7 55. g3 Kf8 56. Ke3 Rd3+ 57. Kf4 Kg7 58. Rc6 Rd2 59. Rxc4 Rxb2 60. Rc7 Rc2 61. c4 Rf2+ 62. Ke3 Rf6 63. Re7 g5 64. c5 g4 65. Kd4 Kg6 66. Kd5 Rf3 67. c6 Rxg3 68. Re4 Rd3+ 69. Rd4 Ra3 70. c7 Ra8 71. Kc6 Rc8 72. Rd8 Rxc7+ 73. Kxc7 Kf5 74. Kd6 g3 75. Kd5 Kf4 76. Kd4 f5 77. Kd3 Kf3 78. Kd2 g2 0-1


[Site "https://www.chess.com"]

[Event "Titled Tuesday Blitz May 18 2021"]
[White "Ivanisevic, Ivan"]
[Black "Bortnyk, Olexandr"]
[WhiteFideId "912417"]
[BlackFideId "14120828"]
[WhiteElo "2499"]
[BlackElo "2723"]
[Result "0-1"]
[Round "08"]
[TimeControl "180+1"]
[Date "2021.05.18"]
[WhiteClock "0:00:01"]
[BlackClock "0:00:02"]

1. d4 d6 2. e4 Nf6 3. Nc3 Nbd7 4. Nf3 e5 5. Bc4 Be7 6. a4 O-O 7. O-O a6 8. Re1 b6 9. Nd5 Nxd5 10. Bxd5 Rb8 11. c3 Bf6 12. h3 Bb7 13. Bxb7 Rxb7 14. dxe5 dxe5 15. Qd5 Nc5 16. Be3 Qxd5 17. exd5 Nd3 18. Re2 Rd8 19. c4 b5 20. axb5 axb5 21. b3 e4 22. Nd4 bxc4 23. bxc4 h5 24. Rea2 c5 25. dxc6 Rc7 26. Ra8 Rxa8 27. Rxa8+ Kh7 28. Nb3 Rxc6 29. c5 Bc3 30. Ra7 f5 31. g3 Kg6 32. h4 Kf6 33. Rd7 g6 34. Bg5+ Ke6 35. Re7+ Kd5 36. Rg7 Kc4 37. Rb7 Nxc5 38. Nxc5 Kxc5 39. Be3+ Kd5 40. Kg2 Be5 41. Rb5+ Ke6 42. Rb7 Bf6 43. Rb5 Be7 44. Ra5 Bb4 45. Rb5 Bc3 46. Rb3 Kd5 47. Rb5+ Kc4 48. Rb1 Kd3 49. Rd1+ Ke2 50. Rc1 Kd3 51. Rd1+ Kc4 52. Rc1 Rd6 53. Rc2 Kb3 54. Rc1 Ra6 55. Rb1+ Kc2 56. Rb7 Kd3 57. Rd7+ Ke2 58. Rc7 Be1 59. Rc2+ Kd3 60. Rc1 Bb4 61. Rd1+ Kc2 62. Rc1+ Kb2 63. Rc4 Kb3 64. Rc7 Rd6 65. Rb7 Kc4 66. Rc7+ Kd3 67. Rb7 Bc3 68. Rb3 Kc2 69. Rb7 Bd2 70. Rc7+ Kd1 71. Bc5 Rd5 72. Bb6 Ke2 73. Re7 Rb5 74. Ba7 Rb2 75. Re6 Ra2 76. Bc5 Rc2 77. Bd4 Ke1 0-1


[Site "https://www.chess.com"]